 Dungeon Crawl Stone Soup version 0.22-a0-443-g17c3723931 (webtiles) character file.

801 Ordine the Carver (level 8, 0/70 HPs)
             Began as a Formicid Fighter on May 31, 2018.
             Succumbed to Plexus's ghost's poison
             ... on level 4 of the Dungeon.
             The game lasted 00:06:20 (1674 turns).

Ordine the Carver (Formicid Fighter)                Turns: 1674, Time: 00:06:20

Health: 0/70       AC: 12    Str: 21    XL:     8   Next: 14%
Magic:  8/8        EV:  7    Int: 13    God:
Gold:   71         SH: 11    Dex: 12    Spells: 7/7 levels left

rFire    . . .     SeeInvis +   a - +1 long sword
rCold    . . .     Gourm    .   c - +0 shield
rNeg     . . .     Faith    .   i - +0 chain mail
rPois    .         Spirit   .   (helmet unavailable)
rElec    .         Reflect  .   (no cloak)
rCorr    .         Harm     .   (no gloves)
MR       +....                  (no boots)
Stlth    ..........             (no amulet)
HPRegen  0.21/turn              (no ring)
MPRegen  0.11/turn              (no ring)

@: brilliant, lethally poisoned (0 -> -3), flying
A: permanent stasis, dig shafts and tunnels, four strong arms, antennae 3, icy
blue scales 1, high mp 1, magic resistance 1, MP-powered wands
a: Dig, Shaft Self


You were on level 4 of the Dungeon.
You were hungry.

You visited 1 branch of the dungeon, and saw 4 of its levels.

You collected 71 gold pieces.

Inventory:

Hand Weapons
 a - a +1 long sword (weapon)
 h - a +2 short sword of venom
 l - a +1 dagger of venom
Armour
 b - a +1 robe of cold resistance
 c - a +0 shield (worn)
 i - a +0 chain mail (worn)
Comestibles
 f - 5 rations


   Skills:
 - Level 8.8 Fighting
 * Level 9.6 Long Blades
 - Level 6.5 Armour
 + Level 8.6 Shields


You had 7 spell levels left.
You didn't know any spells.
Your spell library was empty.

Dungeon Overview and Level Annotations

Branches:
Dungeon (4/15)
 Temple: D:4-7

Altars:
Xom


Innate Abilities, Weirdness & Mutations

You cannot be hasted, slowed, berserked, paralysed or teleported.
You can dig through walls and to a lower floor.
Your four strong arms can wield two-handed weapons with a shield.
You have a pair of large antennae on your head. (SInv)
You are partially covered in icy blue scales. (AC +2)
You have an increased reservoir of magic. (+10% MP)
You are resistant to hostile enchantments. (MR+)
You expend magic power (3 MP) to strengthen your wands.


Message History

* * * LOW HITPOINT WARNING * * *
You feel sick.
* * * LOW HITPOINT WARNING * * *
You feel sick.
* * * LOW HITPOINT WARNING * * *
You feel sick.
* * * LOW HITPOINT WARNING * * *
You feel sick.
You see here 13 gold pieces.
* * * LOW HITPOINT WARNING * * *
You feel sick.
* * * LOW HITPOINT WARNING * * *
You feel sick.
* * * LOW HITPOINT WARNING * * *
You feel sick.
* * * LOW HITPOINT WARNING * * *
You feel sick.
* * * LOW HITPOINT WARNING * * *
You feel sick.
You die...

#### ..#### # #.##.##
#######
##.##.#...####.....#
#..........#.#.###.###
#@.......$........
#..........###.###
#.#[..#..(.# #.#
...##.###.#.# #.#
#.###### #.#$....# #.
#>####### # #+# #


There were no monsters in sight!

Vanquished Creatures
  The ghost of kusayu the Cudgeler, an amateur GrFi (D:3)
  The ghost of Plexus the Ducker, an amateur GnGl (D:4)
  An orc wizard (D:4)
  3 adders
  An ooze (D:3)
  A dart slug (D:2)
  A leopard gecko (D:1)
  4 bats
  2 giant cockroaches (D:1)
  7 goblins
  2 hobgoblins (D:3)
  3 jackals (D:2)
  A quokka (D:3)
  4 ball pythons (D:3)
  2 frilled lizards
  7 kobolds
  5 rats
46 creatures vanquished.

Vanquished Creatures (others)
  2 plants (D:3)
2 creatures vanquished.

Grand Total: 48 creatures vanquished

Notes
Turn   | Place    | Note
-------+----------+-------------------------------------------
     0 | D:1      | Ordine the Formicid Fighter began the quest for the Orb.
     0 | D:1      | Reached XP level 1. HP: 18/18 MP: 1/1
   163 | D:1      | Reached XP level 2. HP: 24/24 MP: 2/2
   539 | D:2      | Reached skill level 3 in Long Blades
   539 | D:2      | Reached XP level 3. HP: 27/29 MP: 3/3
  1094 | D:3      | Reached XP level 4. HP: 33/35 MP: 4/4
  1117 | D:3      | Found a shimmering altar of Xom.
  1118 | D:3      | Noticed kusayu's ghost (amateur GrFi)
  1126 | D:3      | Killed kusayu's ghost
  1126 | D:3      | Reached skill level 5 in Long Blades
  1126 | D:3      | Reached skill level 5 in Shields
  1126 | D:3      | Reached XP level 5. HP: 33/41 MP: 5/5
  1126 | D:3      | Reached XP level 6. HP: 38/47 MP: 6/6
  1586 | D:4      | Noticed Plexus's ghost (amateur GnGl)
  1596 | D:4      | Gained mutation: You are partially covered in icy blue scales. (AC +2) [potion of mutation]
  1596 | D:4      | Gained mutation: You are resistant to hostile enchantments. (MR+) [potion of mutation]
  1596 | D:4      | Gained mutation: You expend magic power (3 MP) to strengthen your wands. [potion of mutation]
  1596 | D:4      | Gained mutation: You have an increased reservoir of magic. (+10% MP) [potion of mutation]
  1658 | D:4      | Killed Plexus's ghost
  1658 | D:4      | Reached XP level 7. HP: 14/52 MP: 7/7
  1661 | D:4      | Reached skill level 9 in Long Blades
  1661 | D:4      | Reached XP level 8. HP: 12/70 MP: 8/8
  1669 | D:4      | HP: 3/70 [poisoned by Plexus's ghost]
  1672 | D:4      | HP: 1/70 [poisoned by Plexus's ghost]
  1674 | D:4      | Succumbed to Plexus's ghost's poison

Vault maps used:
D:1:      lightli_arrival_statue_moat
D:2:      first_ration, hangedman_decor_growths, moated_statue
D:3:      xom_teletrap_fun, minmay_misc_feat_hallway, serial_bayou_pond_d,
          minmay_shallow_snake_nest
D:4:      serial_shops, kennysheep_mini, nicolae_ossuary_entry_ruins,
          kennysheep_small_square

Skill      XL: |  1  2  3  4  5  6  7 |
---------------+----------------------+-----
Shields        | 4 5 8 |  8.6
Long Blades    | 3 5 9 |  9.6
Fighting       | 8 |  8.8
Armour         | 6 |  6.5

Action                   |  1- 3 |  4- 6 |  7- 9 || total
-------------------------+-------+-------+-------++-------
Melee: Long sword        |    97 |   107 |       ||   204
  Use: Scroll            |     5 |     3 |       ||     8
       Potion            |       |     8 |     5 ||    13
  Eat: Chunk             |     1 |     1 |       ||     2
Armor: Chain mail        |    61 |    44 |       ||   105
       Scale mail        |     1 |       |       ||     1
Dodge: Dodged            |    28 |    16 |       ||    44
Block: Shield            |    59 |    47 |       ||   106
       Rpst.: Long sword |     6 |     5 |       ||    11

Table legend:
 A = Spawn XP
 B = Non-spawn XP
 C = Spawn XP percentage of total XP
 D = Spawn monster count
 E = Non-spawn monster count
 F = Spawn count percentage of total count
 G = Total turns spent on level
                    A         B        C        D         E        F      G
               +---------+---------+-------+---------+---------+-------+---------
         Total |       0 |     588 |   0.0 |       0 |      46 |   0.0 |  1674
               +---------+---------+-------+---------+---------+-------+---------
           D:1 |       0 |      16 |   0.0 |       0 |      10 |   0.0 |   424
           D:2 |       0 |      49 |   0.0 |       0 |      14 |   0.0 |   657
           D:3 |       0 |     293 |   0.0 |       0 |      20 |   0.0 |   461
           D:4 |       0 |     230 |   0.0 |       0 |       2 |   0.0 |   132
               +---------+---------+-------+---------+---------+-------+---------
